 Dungeon Crawl Stone Soup version 0.26.1-2-gb8aa6d0cf2 (webtiles) character file.

Game seed: 11748617653974416959

9 Gwenloh the Grasshopper (level 2, 0/25 HPs)
             Began as a Palentonga Warper on Mar 25, 2021.
             Slain by a leopard gecko (3 damage)
             ... on level 1 of the Dungeon.
             The game lasted 00:02:21 (429 turns).

Gwenloh the Grasshopper (Palentonga Warper)          Turns: 429, Time: 00:02:22

Health: 0/25       AC:  4    Str: 14    XL:     2   Next: 3%
Magic:  5/5        EV:  9    Int: 13    God:
Gold:   11         SH:  0    Dex:  9    Spells: 5/5 levels left

rFire    . . .     SeeInvis +   k - +0 whip
rCold    . . .     Faith    .   (no shield)
rNeg     . . .     Spirit   .   b - +0 leather armour
rPois    .         Reflect  .   (no helmet)
rElec    .         Harm     .   (no cloak)
rCorr    .         Rampage  .   (no gloves)
Will     .....                  (no barding)
Stlth    +.........             (no amulet)
HPRegen  0.08/turn              (no ring)
MPRegen  0.09/turn              (no ring)

@: no status effects
A: large, rugged brown scales 3, see invisible, deformed body, roll 1, armoured
tail
a: Rolling Charge


You were on level 1 of the Dungeon.
You visited 1 branch of the dungeon, and saw 1 of its levels.

You collected 11 gold pieces.

Inventory:

Hand Weapons
 a - a +0 mace
 g - a +0 hunting sling
 k - a +0 whip (weapon)
Missiles
 e - 5 boomerangs of dispersal
 h - 41 stones (quivered)
Armour
 b - a +0 leather armour (worn)
Scrolls
 d - a scroll of blinking
 f - a scroll of teleportation {unknown}
 j - a scroll of remove curse {unknown}
 l - a scroll of identify {unknown}
Potions
 c - a potion of haste {unknown}
 i - a potion of lignification {unknown}
 m - a potion of flight {unknown}


   Skills:
 + Level 2.2 Fighting
 * Level 2.4 Maces & Flails
 - Level 0.6 Throwing
 + Level 1.0 Armour
 - Level 1.5 Dodging
 - Level 2.0 Spellcasting
 - Level 3.0 Translocations


You had 5 spell levels left.
You didn't know any spells.
Your spell library contained the following spells:

 Spells                   Type           Power        Failure   Level
 Blink                    Tloc           N/A          14%         2
 Gell's Gravitas          Tloc           4%           26%         3
 Lesser Beckoning         Tloc           4%           26%         3
 Teleport Other           Tloc           9%           26%         3
 Passage of Golubria      Tloc           N/A          65%         4


Dungeon Overview and Level Annotations

Branches:
Dungeon (1/15)

Altars:


Innate Abilities, Weirdness & Mutations

You are completely covered in rugged brown scales. (AC +3, +7% HP)
You have supernaturally acute eyesight. (SInv)
Armour fits poorly on your strangely shaped body.
You can roll at nearby foes to attack.
You have a long armoured tail.


Message History

You barely miss the leopard gecko.
The leopard gecko is almost dead.
The leopard gecko bites you but does no damage.
You completely miss the leopard gecko.
You tail-slap the leopard gecko, but do no damage.
The leopard gecko is almost dead.
The leopard gecko bites you.
* * * LOW HITPOINT WARNING * * *
The leopard gecko bites you but does no damage.
You barely miss the leopard gecko.
The leopard gecko is almost dead.
The leopard gecko bites you but does no damage.
You closely miss the leopard gecko.
The leopard gecko is severely wounded.
The leopard gecko bites you.
* * * LOW HITPOINT WARNING * * *
You barely miss the leopard gecko.
The leopard gecko is severely wounded.
The leopard gecko bites you.
You die...

#.###.#....# #..........#
...........######################
##.##.#.............#
##..#.#.............#
###.#.#.............#
......#.............#
#.....#.............#
....................#
...#..........).@...#
...#............l)..#
.....>..............#
..####................ ####
#.###########...... ...# #.#
...((. #### #.# ...... # #.#
...... ### ###


You could see a leopard gecko.

Vanquished Creatures
  A goblin (D:1)
  3 hobgoblins (D:1)
  3 kobolds (D:1)
  2 rats (D:1)
9 creatures vanquished.

Notes
Turn   | Place    | Note
-------+----------+-------------------------------------------
     0 | D:1      | Gwenloh the Palentonga Warper began the quest for the Orb.
     0 | D:1      | Reached XP level 1. HP: 18/18 MP: 3/3
   245 | D:1      | Reached skill level 1 in Armour
   420 | D:1      | Reached XP level 2. HP: 16/25 MP: 5/5
   429 | D:1      | Slain by a leopard gecko

Illustrated notes

Levels and vault maps discovered:
D:1:      minmay_arrival_solitary_statue, layout_basic

Skill      XL: |  1 |
---------------+----+-----
Armour         | 1 |  1.0
Fighting       | |  2.2
Maces & Flails | |  2.4
Throwing       | |  0.6
Dodging        | |  1.5
Spellcasting   | |  2.0
Translocations | |  3.0

Action                   || total
-------------------------++-------
Melee: Mace              ||    21
       Whip              ||    24
       Tailslap          ||     3
Throw: Stone             ||     5
 Abil: Rolling Charge    ||     8
Armor: Leather armour    ||    14
Dodge: Dodged            ||    17
